Map: Oxide LE

Players

Antis

  • Race: Zerg Zerg

Maplez - Winner!

  • Race: Protoss Protoss

Event: DreamHack SC2 Masters 2021 Winter

VOD

Have the link to the VOD?

Description

Time

  • Played on: Oct. 5, 2021, 5:05 p.m.
  • Length: 35:02

All games in this series

Show
View Real Time Build Order
Export as new Build Order

Antis Zerg 

Build Orders: Pool First, Roach Hydra 

Get SALT Encoding   

  12  0:00  Drone  
  13  0:12  Overlord  
  13  0:17  Drone  
  14  0:31  Drone x2  
  16  0:42  Spawning Pool  
  15  0:46  Drone  
  15  0:49  Drone  
  17  1:11  Hatchery  
  17  1:15  Drone  
  17  1:29  Zergling x6  
  20  1:40  Zergling x2  
  21  1:48  Hatchery  
  21  1:54  Zergling x2  
  21  1:57  Extractor  
  20  2:04  Queen  
  22  2:09  Overlord  
  23  2:29  Zergling x4  
  25  2:33  Hatchery  
  25  2:36  Zergling x2  
  25  2:41  Queen  
  27  2:50  Zergling x2  
  26  3:07  Zergling x4  
  26  3:08  Queen  
  30  3:14  Metabolic Boost  
  29  3:24  Drone x2  
  27  3:32  Drone x3  
  28  3:38  Spore Crawler  
  28  3:43  Drone x2  
  30  4:00  Drone x6  
  36  4:08  Zergling x2  
  37  4:13  Drone x3  
  37  4:15  Spore Crawler, Drone  
  40  4:18  Overlord  
  39  4:25  Queen  
  41  4:35  Drone  
  42  4:38  Zergling x2  
  42  4:39  Zergling x4  
  42  4:40  Drone x4  
  49  4:46  Overlord  
  49  4:48  Overlord  
  49  4:59  Spore Crawler  
  48  5:02  Spore Crawler x2  
  48  5:05  Drone x4  
  50  5:11  Zergling x4  
  50  5:12  Drone x4  
  55  5:21  Overlord  
  57  5:22  Overlord  
  57  5:29  Evolution Chamber, Queen  
  57  5:30  Roach Warren  
  57  5:37  Drone  
  57  5:39  Overlord  
  57  5:41  Drone x6  
  57  5:42  Drone  
  65  5:48  Drone x4  
  68  5:57  Overlord x2  
  68  5:59  Zerg Missile Weapons Level 1  
  68  6:15  Overlord x3  
  68  6:17  Roach  
  68  6:18  Roach x2  
  74  6:19  Zergling x2  
  74  6:20  Zergling x6  
  74  6:24  Extractor, Spore Crawler  
  76  6:26  Lair  
  76  6:27  Hatchery  
  76  6:29  Extractor  
  76  6:30  Drone x3  
  76  6:34  Overlord x2  
  76  6:39  Drone x3  
  78  6:44  Drone x5  
  83  6:48  Drone x4  
  83  6:52  Drone x3  
  89  6:57  Extractor  
  89  6:58  Queen x2  
  92  7:02  Extractor  
  91  7:09  Overlord  
  91  7:11  Evolution Chamber  
  90  7:16  Roach x4  
  90  7:18  Drone x5  
  90  7:21  Extractor  
  102  7:28  Glial Reconstitution  
  102  7:31  Queen  
  102  7:34  Queen  
  102  7:35  Zergling x2  
  102  7:36  Zergling x16  
  113  7:50  Drone x2  
  115  7:53  Zerg Ground Armor Level 1  
  115  7:57  Hydralisk Den  
  114  8:06  Zerg Missile Weapons Level 2  
  113  8:12  Overlord  
  113  8:13  Overlord x3  
  112  8:20  Queen x2  
  112  8:26  Queen  
  116  8:30  Grooved Spines, Drone x5  
  116  8:33  Hatchery  
  119  8:35  Roach x5  
  119  8:38  Overlord x3  
  127  8:43  Drone x3, Infestation Pit  
  129  8:48  Spore Crawler  
  129  8:49  Spore Crawler  
  129  8:50  Spore Crawler  
  129  8:55  Hydralisk x6  
  128  8:58  Ravager x2  
  128  8:59  Hydralisk  
  128  9:00  Hydralisk  
  143  9:18  Hydralisk x6  
  143  9:19  Hydralisk x2  
  159  9:30  Hydralisk x3  
  164  9:41  Muscular Augments  
  164  9:45  Hydralisk x5  
  164  9:52  Overseer  
  174  9:57  Extractor  
  173  10:03  Hydralisk x5  
  181  10:24  Overlord  
  181  10:29  Hydralisk x5  
  181  10:31  Hatchery  
  159  10:57  Hydralisk  
  159  10:58  Hydralisk x12  
  159  11:01  Zergling x6  
  159  11:02  Zergling x14  
  187  11:05  Zerg Ground Armor Level 2  
  187  11:09  Zergling x6  
  190  11:16  Spore Crawler, Drone x2  
  191  11:18  Extractor, Spore Crawler  
  189  11:27  Hive  
  189  11:28  Drone x4  
  189  11:30  Infestor  
  189  11:32  Burrow, Pneumatized Carapace  
  195  11:34  Extractor  
  195  11:36  Extractor  
  195  11:37  Drone x2  
  195  11:38  Drone  
  195  11:39  Drone x4  
  199  11:44  Hatchery  
  191  12:04  Zergling x20  
  200  12:17  Spine Crawler  
  199  12:27  Drone  
  200  12:37  Spore Crawler  
  200  12:38  Spine Crawler  
  200  12:40  Zerg Missile Weapons Level 3  
  185  12:58  Spire  
  185  12:59  Adrenal Glands, Infestor x2, Ultralisk Cavern  
  183  13:06  Hydralisk  
  183  13:07  Hydralisk x7  
  183  13:10  Zergling x2  
  195  13:20  Hatchery  
  195  13:22  Overlord x2  
  193  13:30  Hatchery  
  191  13:35  Overlord x2  
  191  13:41  Hatchery  
  190  14:02  Zerg Ground Armor Level 3  
  190  14:05  Zergling x20  
  200  14:10  Chitinous Plating  
  200  14:11  Zerg Flyer Weapons Level 1  
  200  14:14  Spire  
  177  14:24  Ultralisk x2  
  177  14:25  Ultralisk  
  192  14:40  Drone x4  
  192  14:41  Drone x3  
  196  15:13  Baneling Nest  
  195  15:17  Zergling x8  
  199  15:29  Anabolic Synthesis  
  181  15:37  Viper x2, Corruptor x2  
  181  15:38  Corruptor x4  
  199  15:47  Spore Crawler  
  199  15:48  Spore Crawler  
  199  15:49  Spore Crawler  
  194  15:50  Spore Crawler, Zerg Melee Weapons Level 1  
  194  15:55  Drone x4  
  194  15:56  Spore Crawler x2, Drone  
  196  15:57  Spore Crawler  
  196  15:58  Spore Crawler, Drone  
  196  15:59  Spore Crawler  
  196  16:01  Spore Crawler  
  196  16:02  Hatchery  
  191  16:14  Zergling x6  
  191  16:15  Zergling x16  
  195  16:20  Zerg Flyer Weapons Level 2  
  195  16:24  Zerg Flyer Armor Level 1  
  194  16:38  Drone x3  
  197  16:45  Spore Crawler x3  
  197  16:46  Spore Crawler  
  193  16:49  Drone x2  
  193  16:50  Drone x4  
  197  17:21  Corruptor x5  
  197  17:22  Corruptor  
  188  17:50  Ultralisk x2  
  187  18:00  Corruptor x7  
  198  18:08  Zergling x2  
  198  18:09  Zergling x2  
  200  18:19  Spore Crawler  
  199  18:20  Spore Crawler x2  
  199  18:22  Spore Crawler  
  199  18:23  Zerg Flyer Armor Level 2  
  196  18:39  Zergling x8  
  199  18:44  Overseer  
  199  18:45  Overseer  
  199  18:46  Overseer  
  199  18:47  Overseer  
  198  19:05  Zergling x4  
  181  19:10  Corruptor  
  181  19:11  Corruptor x5  
  193  19:22  Drone x6  
  193  19:23  Zergling x2, Spore Crawler x2  
  193  19:24  Zergling x4, Spore Crawler x2  
  199  19:25  Zergling x4, Spore Crawler  
  199  19:26  Spore Crawler  
  199  19:27  Spore Crawler x2  
  199  19:28  Spore Crawler  
  199  19:30  Spore Crawler  
  192  19:40  Ultralisk  
  192  19:42  Greater Spire  
  198  19:45  Baneling  
  198  19:46  Baneling x8  
  198  19:51  Baneling  
  198  19:52  Baneling  
  198  19:58  Baneling x7  
  198  20:09  Infestor  
  198  20:12  Corruptor  
  198  20:13  Corruptor x3  
  185  20:58  Brood Lord x5  
  185  20:59  Brood Lord  
  185  21:02  Zergling x4  
  195  21:10  Zerg Flyer Weapons Level 3  
  192  21:11  Zerg Flyer Armor Level 3  
  191  21:32  Extractor  
  186  21:35  Hatchery  
  185  21:44  Spore Crawler x2  
  181  21:47  Spore Crawler, Spire  
  174  21:59  Corruptor x8  
  123  22:40  Brood Lord  
  123  22:41  Brood Lord x2  
  123  22:42  Brood Lord  
  131  22:47  Zergling x2  
  131  22:48  Zergling x2  
  133  23:07  Zergling x2  
  134  23:15  Hatchery  
  133  23:20  Viper  
  134  23:46  Hatchery  
  118  24:11  Corruptor  
  118  24:12  Corruptor x3  
  118  24:14  Zergling x2  
  125  24:22  Queen  
  127  24:26  Zergling x4  
  125  24:34  Brood Lord  
  127  25:05  Spore Crawler  
  127  25:07  Extractor x2, Spine Crawler, Drone x2  
  125  25:08  Drone x2  
  125  25:11  Drone  
  126  25:27  Hatchery  
  125  25:32  Zergling x10  
  130  25:36  Hatchery  
  128  26:13  Brood Lord x2  
  128  26:15  Corruptor x3  
  128  26:18  Zergling x14  
  139  26:19  Zergling x4  
  139  26:25  Spore Crawler  
  146  26:27  Spore Crawler  
  146  26:29  Overseer  
  142  26:48  Corruptor  
  142  26:49  Corruptor  
  142  26:51  Zergling x18  
  123  27:17  Baneling  
  123  27:18  Baneling x5  
  121  27:30  Zergling x24  
  132  27:47  Brood Lord x2  
  122  28:18  Drone x16  
  114  28:48  Infestor  
  116  28:51  Zergling x12  
  111  29:04  Overseer  
  111  29:05  Overseer  
  111  29:09  Drone x8  
  110  29:10  Drone  
  111  29:26  Hydralisk, Hatchery  
  111  29:27  Baneling x3  
  110  29:33  Spine Crawler  
  105  30:30  Drone  
  105  30:31  Drone x4  
  110  30:40  Viper  
  111  31:08  Drone x3  
  111  31:10  Drone x3  
  115  31:14  Viper  
  115  31:43  Zergling x2  
  115  31:44  Zergling x18  
  125  32:01  Mutalisk  
  125  32:08  Ultralisk  
  127  32:43  Hatchery  
  126  32:52  Spine Crawler  
  124  33:05  Viper  
  122  33:07  Infestor x3  
  127  33:44  Queen  
  129  33:49  Ultralisk  
  129  33:50  Zergling x2  
  129  33:51  Zergling x10  
  141  34:01  Drone x3  
Show
View Real Time Build Order
Export as new Build Order

Maplez Protoss - Winner!

Build Orders: Carriers 

Get SALT Encoding   

  12  0:00  Probe  
  13  0:12  Probe  
  14  0:18  Pylon  
  14  0:24  Probe (Chrono Boost)  
  15  0:36  Probe (Chrono Boost)  
  15  0:40  Gateway  
  16  0:45  Probe (Chrono Boost)  
  17  0:50  Assimilator  
  17  0:52  Probe  
  18  1:05  Probe  
  19  1:16  Gateway  
  19  1:17  Probe  
  19  1:27  Zealot (Chrono Boost)  
  22  1:34  Cybernetics Core  
  22  1:39  Pylon  
  22  1:53  Zealot (Chrono Boost)  
  23  1:57  Probe  
  24  2:09  Probe  
  27  2:17  Adept x2 (Chrono Boost)  
  28  2:24  Probe  
  29  2:31  Pylon  
  29  2:35  Warp Gate  
  29  2:40  Adept  
  32  2:58  Nexus  
  31  3:03  Probe  
  32  3:09  Assimilator  
  32  3:18  Probe  
  29  3:30  Probe (Chrono Boost)  
  29  3:32  Stargate  
  26  3:42  Probe (Chrono Boost)  
  27  3:50  Probe (Chrono Boost)  
  27  3:53  Gateway  
  27  3:55  Shield Battery  
  28  3:57  Probe  
  29  4:08  Void Ray (Chrono Boost)  
  30  4:10  Probe (Chrono Boost)  
  30  4:14  Probe (Chrono Boost)  
  31  4:19  Probe (Chrono Boost)  
  31  4:22  Probe (Chrono Boost)  
  37  4:24  Probe  
  38  4:33  Probe  
  38  4:34  Adept x2  
  38  4:36  Probe  
  44  4:44  Pylon  
  44  4:45  Probe  
  45  4:48  Probe  
  46  4:53  Pylon  
  46  4:56  Oracle  
  46  4:57  Probe  
  50  5:00  Probe  
  51  5:09  Probe  
  51  5:11  Nexus  
  48  5:20  Adept x2  
  53  5:23  Probe  
  53  5:25  Pylon  
  53  5:29  Probe  
  53  5:32  Shield Battery  
  54  5:35  Probe, Protoss Air Weapons Level 1 (Chrono Boost)  
  54  5:38  Assimilator  
  54  5:40  Void Ray (Chrono Boost), Assimilator  
  54  5:41  Probe  
  56  5:48  Probe  
  61  5:53  Probe  
  62  6:00  Probe, Pylon  
  63  6:05  Probe  
  64  6:12  Probe, Stargate  
  64  6:14  Pylon x2  
  64  6:16  Void Ray (Chrono Boost)  
  66  6:19  Probe (Chrono Boost)  
  71  6:29  Probe (Chrono Boost), Zealot  
  74  6:34  Probe (Chrono Boost)  
  74  6:37  Probe (Chrono Boost)  
  74  6:38  Probe (Chrono Boost)  
  76  6:42  Probe, Zealot x2  
  81  6:48  Probe x2  
  81  6:50  Void Ray (Chrono Boost)  
  81  6:54  Probe  
  84  6:56  Pylon  
  84  6:57  Forge, Void Ray (Chrono Boost)  
  84  7:00  Probe x2  
  90  7:12  Zealot  
  90  7:13  Probe  
  93  7:16  Probe  
  93  7:21  Probe, Pylon  
  95  7:25  Probe, Assimilator  
  95  7:27  Assimilator  
  95  7:28  Probe  
  100  7:31  Void Ray (Chrono Boost)  
  100  7:34  Robotics Facility, Void Ray (Chrono Boost)  
  100  7:36  Pylon  
  104  7:41  Probe  
  97  7:44  Probe  
  97  7:45  Probe  
  99  7:51  Zealot x3  
  99  7:53  Probe  
  99  7:56  Probe  
  107  8:00  Probe  
  107  8:01  Pylon  
  107  8:03  Robotics Facility  
  107  8:04  Protoss Ground Weapons Level 1 (Chrono Boost)  
  108  8:13  Zealot x3  
  108  8:18  Gateway  
  114  8:20  Gateway  
  114  8:22  Pylon  
  115  8:27  Observer (Chrono Boost), Robotics Bay  
  115  8:29  Pylon  
  115  8:31  Void Ray x2  
  115  8:35  Pylon  
  115  8:40  Photon Cannon  
  123  8:54  Photon Cannon  
  123  9:08  Pylon  
  123  9:09  Nexus  
  123  9:13  Disruptor x2 (Chrono Boost)  
  129  9:17  Probe  
  129  9:20  Shield Battery, Void Ray  
  129  9:22  Shield Battery  
  129  9:24  Probe x2  
  131  9:25  Pylon  
  131  9:29  Probe  
  136  9:35  Nexus  
  136  9:36  Probe  
  136  9:38  Pylon  
  137  9:39  Probe  
  137  9:40  Photon Cannon  
  137  9:42  Probe, Disruptor  
  137  9:43  Photon Cannon  
  137  9:44  Photon Cannon  
  142  9:46  Photon Cannon  
  142  9:48  Probe  
  142  9:51  Twilight Council  
  143  9:55  Probe  
  143  9:59  Shield Battery  
  144  10:01  Shield Battery, Disruptor  
  147  10:09  Photon Cannon  
  147  10:10  Shield Battery, Photon Cannon  
  147  10:12  Zealot  
  149  10:15  Pylon  
  149  10:24  Charge (Chrono Boost)  
  149  10:26  Shield Battery, Zealot x4  
  157  10:34  Disruptor  
  160  10:40  Probe  
  158  10:42  Zealot  
  158  10:44  Disruptor  
  134  11:10  Zealot, Disruptor  
  134  11:11  Zealot x4  
  138  11:14  Protoss Ground Weapons Level 2 (Chrono Boost)  
  138  11:17  Dark Shrine  
  140  11:22  Pylon  
  140  11:30  Pylon  
  140  11:36  Fleet Beacon  
  123  12:03  Disruptor x2  
  123  12:04  Zealot x5  
  139  12:13  Nexus  
  139  12:15  Pylon  
  139  12:20  Carrier x2 (Chrono Boost)  
  151  12:30  Dark Templar x5  
  151  12:35  Photon Cannon  
  151  12:36  Shadow Stride (Chrono Boost)  
  159  12:41  Probe  
  158  12:48  Shield Battery  
  157  12:55  Probe  
  157  12:58  Probe  
  145  13:12  Pylon, Nexus  
  134  13:23  Carrier x2  
  134  13:26  Pylon  
  139  13:39  Protoss Air Weapons Level 2 (Chrono Boost)  
  131  13:49  Templar Archives, Nexus  
  131  13:50  Zealot x4  
  131  13:51  Zealot  
  139  14:03  Probe  
  139  14:07  Probe  
  141  14:16  Probe  
  142  14:21  Probe  
  143  14:24  Zealot x3  
  143  14:27  Probe, Oracle  
  143  14:28  Carrier (Chrono Boost)  
  158  14:31  High Templar  
  158  14:32  High Templar  
  159  14:38  Archon  
  159  14:41  Probe  
  156  14:48  Zealot x3  
  156  14:50  Probe  
  156  14:51  Probe  
  162  14:53  Probe  
  162  14:57  Nexus  
  161  15:03  Probe  
  160  15:08  Carrier (Chrono Boost)  
  166  15:18  Probe, Pylon  
  166  15:20  High Templar  
  166  15:21  High Templar x2  
  171  15:22  High Templar  
  172  15:33  Probe  
  160  15:35  Carrier (Chrono Boost)  
  160  15:36  Archon x2  
  160  15:37  Zealot  
  166  15:54  Pylon  
  166  15:58  Carrier (Chrono Boost)  
  165  16:19  Stargate  
  165  16:27  Pylon  
  165  16:32  Nexus  
  165  16:49  Shield Battery, High Templar x4, Protoss Air Weapons Level 3 (Chrono Boost)  
  165  16:52  Sentry  
  175  16:54  Archon x2  
  175  17:03  Photon Cannon  
  175  17:13  Carrier (Chrono Boost)  
  179  17:18  Oracle (Chrono Boost)  
  182  17:34  High Templar x3  
  182  17:35  High Templar  
  186  17:39  Archon x2  
  186  17:52  Zealot  
  188  18:01  Observer  
  189  18:05  Mothership (Chrono Boost)  
  189  18:07  Assimilator  
  189  18:08  Assimilator  
  197  18:25  Zealot, Pylon  
  199  18:41  Nexus  
  199  18:49  Photon Cannon  
  199  18:50  Shield Battery  
  198  19:18  Shield Battery  
  198  19:20  Photon Cannon  
  198  19:21  Photon Cannon  
  198  19:25  Protoss Shields Level 1 (Chrono Boost)  
  198  19:27  Pylon  
  198  19:32  Protoss Air Armor Level 1 (Chrono Boost)  
  192  19:38  High Templar x3  
  198  19:47  Dark Templar  
  198  20:12  Pylon  
  194  20:24  Dark Templar x3  
  195  20:57  Zealot x2  
  199  21:09  Protoss Shields Level 2  
  195  21:28  Dark Templar x4  
  197  21:40  Protoss Air Armor Level 2 (Chrono Boost)  
  192  21:51  Pylon  
  173  22:08  Carrier x2 (Chrono Boost)  
  159  22:09  Archon  
  103  22:52  Zealot x3  
  109  23:03  Assimilator  
  109  23:05  Assimilator  
  109  23:26  Probe x4  
  113  23:31  Psionic Storm  
  113  23:38  Probe x4  
  109  23:50  Probe  
  76  24:19  Zealot x3  
  76  24:20  Zealot, Pylon  
  82  24:35  High Templar  
  84  24:45  High Templar  
  84  24:49  Pylon  
  86  24:57  Nexus  
  86  25:00  Zealot x2  
  86  25:01  Zealot  
  92  25:13  Shield Battery  
  92  25:15  High Templar  
  92  25:19  Zealot  
  96  25:27  Pylon  
  96  25:40  Zealot  
  96  25:41  Zealot x3  
  104  25:53  High Templar  
  106  25:58  Assimilator  
  106  26:00  Assimilator  
  106  26:03  Zealot x4  
  114  26:14  Photon Cannon  
  114  26:21  Photon Cannon  
  114  26:24  Photon Cannon  
  114  26:25  Shield Battery  
  114  26:33  Zealot x4  
  120  26:53  Zealot x3  
  124  27:04  Zealot x2  
  107  27:16  High Templar x3  
  107  27:21  Archon  
  113  27:25  Archon x2  
  113  27:29  Void Ray x2 (Chrono Boost)  
  113  27:43  Zealot x2  
  125  27:50  Zealot x3  
  131  27:59  Void Ray  
  131  28:04  Zealot x2  
  134  28:17  Zealot x2  
  134  28:18  Zealot  
  138  28:56  Nexus  
  138  28:57  Pylon  
  135  29:04  Void Ray (Chrono Boost)  
  135  29:05  Void Ray x2 (Chrono Boost)  
  126  29:27  Photon Cannon  
  126  29:28  Photon Cannon  
  126  29:29  Shield Battery  
  124  29:31  Void Ray (Chrono Boost)  
  124  29:32  Void Ray (Chrono Boost)  
  122  29:38  Zealot x3  
  122  29:41  High Templar  
  122  29:44  High Templar  
  140  29:49  Observer  
  141  29:58  Void Ray (Chrono Boost)  
  141  30:04  Photon Cannon  
  139  30:13  Probe x2  
  139  30:14  Probe x4  
  148  30:16  Photon Cannon  
  149  30:25  Probe  
  149  30:26  Probe x2, High Templar  
  149  30:27  Probe x3  
  151  30:34  Zealot  
  151  30:37  Probe  
  151  30:42  Assimilator x2  
  152  30:43  High Templar  
  154  30:58  Zealot x3  
  158  31:07  Zealot  
  158  31:10  Observer  
  160  31:17  High Templar  
  162  31:19  High Templar  
  162  31:25  Observer, Pylon  
  164  31:28  Photon Cannon, Void Ray (Chrono Boost)  
  164  31:29  Photon Cannon  
  164  31:31  Shield Battery  
  162  31:34  Void Ray (Chrono Boost)  
  166  31:43  Zealot x3  
  176  31:50  Observer  
  176  31:58  High Templar  
  176  31:59  High Templar  
  180  32:03  Shield Battery  
  180  32:04  Observer, Shield Battery  
  178  32:12  Observer  
  178  32:14  Void Ray (Chrono Boost)  
  172  32:22  Observer  
  170  32:27  Zealot x3  
  176  32:30  Observer  
  176  32:31  Void Ray x2 (Chrono Boost)  
  176  32:33  Photon Cannon  
  176  32:34  Zealot  
  176  32:35  Zealot, Photon Cannon  
  186  32:57  Void Ray (Chrono Boost)  
  178  33:00  Void Ray (Chrono Boost)  
  178  33:04  Void Ray (Chrono Boost)  
  178  33:06  Zealot  
  178  33:07  Zealot x4  
  177  33:36  Carrier (Chrono Boost)  
  183  33:45  Zealot x5  
  183  33:47  Carrier (Chrono Boost)  
  190  34:28  Zealot x3  
  190  34:29  Zealot  
  176  34:58  Zealot  

Tags
 
Add a new tag
Caveats
  • Supply blocks, unpowered buildings, or Contaminate may cause inaccurate times.
  • Supply counts are checked every 10 seconds.